 Dungeon Crawl Stone Soup version 0.30-a0-632-g346586f (webtiles) character file.

Game seed: 3335636158252087942

14 malesh the Sneak (level 2, -2/13 HPs)
             Began as a Vine Stalker Enchanter on Jan 13, 2023.
             Succumbed to a kobold's poison
             ... on level 1 of the Dungeon.
             The game lasted 00:01:51 (546 turns).

malesh the Sneak (Vine Stalker Enchanter)            Turns: 546, Time: 00:01:52

Health: -2/13      AC:  2    Str: 10    XL:     2   Next: 41%
Magic:  1/6        EV: 12    Int: 15    God:
Gold:   29         SH:  0    Dex: 14    Spells: 3/5 levels left

rFire   x . .      SeeInvis .    a - +1 dagger
rCold   + . .      Faith    .    (no shield)
rNeg    . . .      Spirit   +    b - +0 robe
rPois   .          Reflect  .    (no helmet)
rElec   .          Harm     .    (no cloak)
rCorr   .          Rampage  .    (no gloves)
Will    .....                    (no boots)
Stlth   ++                       (no amulet)
HPRegen 0.22/turn                e - ring of ice
MPRegen 0.10/turn                (no ring)

@: lethally poisoned (-2 -> -18), very slightly contaminated
A: fangs 2, magic shield, antimagic bite, no potion heal 2
a: no special abilities


You were on level 1 of the Dungeon.
You visited 1 branch of the dungeon, and saw 1 of its levels.

You collected 29 gold pieces.

Inventory:

Hand Weapons
 a - a +1 dagger (weapon)
Armour
 b - a +0 robe (worn)
Jewellery
 e - a ring of ice (left hand)
Scrolls
 d - a scroll of poison {unknown}
Potions
 c - 2 potions of invisibility


   Skills:
 * Level 1.2 Short Blades
 + Level 1.8 Dodging
 + Level 3.8 Stealth
 + Level 2.3 Spellcasting
 * Level 3.1 Hexes


You had 3 spell levels left.
You knew the following spells:

 Your Spells              Type           Power      Damage    Failure   Level
a - Ensorcelled Hibernat  Hex/Ice        18%        N/A       17%         2

Your spell library contained the following spells:

 Spells                   Type           Power      Damage    Failure   Level
 Confusing Touch          Hex            11%        N/A       17%         3
 Tukima's Dance           Hex            11%        N/A       17%         3
 Dazzling Flash           Conj/Hex       12%        N/A       32%         3


Dungeon Overview and Level Annotations

Branches:
Dungeon (1/15)

Altars:


Innate Abilities, Weirdness & Mutations

You have extremely sharp teeth.
When hurt, damage is shared between your health and your magic reserves.
Your bite disrupts and absorbs the magic of your enemies.
Potions cannot restore your health.


Message History

There is an open door here.
Found 4 stones.
You see here 4 stones.
You see here 4 stones.
Found a stone staircase leading down.
There is a stone staircase leading down here.
An endoplasm and a kobold come into view.
The kobold is wielding a +1 dagger of venom.
A dart slug comes into view.
Casting: Ensorcelled Hibernation (safe; 17% risk of failure)
Confirm with . or Enter, or press ? or * to list all spells.
Aiming: Ensorcelled Hibernation (safe; 17% risk of failure)
Press: ? - help, Shift-Dir - straight line, f - kobold
Aim: a kobold, wielding a +1 dagger of venom (chance to affect: 61%)
You feel a surge of power!
You miscast Ensorcelled Hibernation.
You are very lightly contaminated with residual magic.
Nothing appears to happen.
The kobold hits you with a +1 dagger of venom.
You are poisoned.
Casting: Ensorcelled Hibernation (safe; 17% risk of failure)
Confirm with . or Enter, or press ? or * to list all spells.
Aiming: Ensorcelled Hibernation (safe; 17% risk of failure)
Press: ? - help, Shift-Dir - straight line, f/p - kobold
Aim: a kobold, wielding a +1 dagger of venom (chance to affect: 61%)
You feel a surge of power!
The kobold resists with significant effort.
You feel very sick.
The kobold hits you with a +1 dagger of venom.
You are more poisoned.
Casting: Ensorcelled Hibernation (safe; 17% risk of failure)
Confirm with . or Enter, or press ? or * to list all spells.
You don't have enough magic to cast this spell.
Unknown command.
Okay, then.
You hit the kobold.
You kill the kobold!
* * * LOW HITPOINT WARNING * * *
You feel very sick.
Okay, then.
You die...

#.###.##.#.#
#...........
#.....##.#.#
#...........
########.#.#
#...........
#.#.####...........
#.#....+...........
#.#.####...........
##+#>...+...........
#...#####...........
#..@# #...........
#...# ...........
#...# #######)###
#...# #.##
####...#### #..#
#####.........#
##.##
w.............# #...
..............# ###.
........#.##### #.


There were no monsters in sight!

Vanquished Creatures
  A bat (D:1)
  A giant cockroach (D:1)
  2 goblins (D:1)
  2 hobgoblins (D:1)
  2 ball pythons (D:1)
  2 frilled lizards (D:1)
  3 kobolds (D:1)
13 creatures vanquished.

Notes
Turn   | Place    | Note
-------+----------+-------------------------------------------
     0 | D:1      | malesh the Vine Stalker Enchanter began the quest for the
                  | Orb.
     0 | D:1      | Reached XP level 1. HP: 9/9 MP: 4/4
    59 | D:1      | Reached skill level 1 in Short Blades
   152 | D:1      | Reached XP level 2. HP: 5/13 MP: 1/6
   241 | D:1      | Learned a level 2 spell: Ensorcelled Hibernation
   546 | D:1      | Succumbed to a kobold's poison

Illustrated notes

Levels and vault maps discovered:
D:1:      nzn_arrival_depleted_hourglass, layout_basic, serial_bayou_pond_d

Skill      XL: |  1 |
---------------+----+-----
Short Blades   | 1 |  1.2
Dodging        | |  1.8
Stealth        | |  3.8
Spellcasting   | |  2.3
Hexes          | |  3.1

Action                   || total
-------------------------++-------
Melee: Dagger            ||    29
       Bite              ||     6
       Punch             ||     1
 Cast: Ensorcelled Hiber ||     5
 Stab: Sleeping          ||     5
Armor: Robe              ||     3
Dodge: Dodged            ||     8

Table legend: (Time is in decaauts)
 A = Elapsed time spent in this place.
 B = Non-inter-level travel time spent in this place.
 C = Inter-level travel time spent in this place.
 D = Time resting spent in this place.
 E = Time spent auto-exploring this place.
 F = Levels seen in this place.
 G = Mean time per level.
                   A        B        C        D        E       F      G
               +--------+--------+--------+--------+--------+-----+--------+
         Total |    545 |    545 |      0 |      9 |    425 |   1 |  545.0 |
       Dungeon |    545 |    545 |      0 |      9 |    425 |   1 |  545.0 |
               +--------+--------+--------+--------+--------+-----+--------+

Top non-repeatable levels by time:
     D:1: 545 daAuts
